 Dungeon Crawl Stone Soup version bcrawl-1.19.1 (webtiles) character file.

Game seed: 10221958123478901450

68506 Mrkan the Fighter (level 14, -1/150 HPs)
             Began as a Troll Monk on Dec 2, 2019.
             Was the Champion of Dithmenos.
             Slain by a naga mage
             ... wielding a +0 spear
              (3 damage)
             ... on level 11 of the Dungeon.
             The game lasted 00:40:18 (19301 turns).

Mrkan the Fighter (Troll Monk)                     Turns: 19301, Time: 00:40:19

Health: -1/150     AC: 10    Str: 22    XL:     14   Next: 86%
Magic:  20/20      EV:  7    Int: 11    God:    Dithmenos [******]
Gold:   1719       SH: 14    Dex: 12    Spells: 13/13 levels left

rFire    . . .     SeeInvis .     - Unarmed
rCold    + . .     Gourm    +   L - +0 shield
rNeg     . . .     Faith    .   (armour unavailable)
rPois    .         Spirit   .   P - +2 hat
rElec    .         Reflect  +   Y - +1 cloak
rCorr    .         Harm     .   (gloves unavailable)
MR       ++...                  (boots unavailable)
Stlth    +++.......             O - +3 amulet of reflection
HPRegen  1.15/turn              T - ring of protection from cold
MPRegen  0.17/turn              M - ring of protection from magic

@: corroded, wreathed by umbra, constricted
A: large, almost no armour, unfitting armour, claws 3, fast metabolism 3,
gourmand, regeneration 2, AC +10
a: Shadow Step, Shadow Form, Renounce Religion


You were on level 11 of the Dungeon.
You worshipped Dithmenos.
Dithmenos was exalted by your worship.
You were completely stuffed.

You visited 3 branches of the dungeon, and saw 18 of its levels.
You also visited: Sewer.

You collected 2156 gold pieces.
You spent 437 gold pieces at shops.

Inventory:

Hand Weapons
 o - the +3 spear of Distant Worlds {freeze, MR+ Str+4 Int+9 Dex-5, unknown}
   (You found it on level 10 of the Dungeon)

   It has been specially enchanted to freeze those struck by it, causing extra
   injury to most foes and up to half again as much damage against particularly
   susceptible opponents.
   It can also slow down cold-blooded creatures.
   It affects your strength (+4).
   It affects your intelligence (+9).
   It affects your dexterity (-5).
   It affects your resistance to hostile enchantments.
 r - the +1 quarterstaff "Jegageil" {flame, rN+ Str+3 Int+9 Dex-5, unknown}
   (You found it on level 8 of the Dungeon)

   It has been specially enchanted to burn those struck by it, causing extra
   injury to most foes and up to half again as much damage against particularly
   susceptible opponents.
   It affects your strength (+3).
   It affects your intelligence (+9).
   It affects your dexterity (-5).
   It protects you from negative energy.
Missiles
 x - 108 javelins
 A - 139 large rocks (quivered)
Armour
 L - a +0 shield (worn)
 P - a +2 hat (worn)
 Y - a +1 cloak (worn)
Jewellery
 b - an uncursed amulet of guardian spirit
 M - a ring of protection from magic (right claw)
 O - a +3 amulet of reflection (around neck)
 S - an uncursed amulet of the acrobat
 T - a ring of protection from cold (left claw)
Wands
 q - a wand of disintegration (24)
 s - a wand of iceblast (21)
 t - a wand of enslavement (4)
 y - a wand of polymorph (14)
 E - a wand of acid (11)
 F - a wand of clouds (6)
 J - a wand of paralysis (14)
 N - a wand of flame (19)
Scrolls
 d - a scroll of amnesia
 f - 6 scrolls of enchant armour
 h - 2 scrolls of blinking
 i - 6 scrolls of magic mapping
 j - 10 scrolls of teleportation
 l - 3 scrolls of enchant weapon
 m - 12 scrolls of remove curse
 p - a scroll of fear
 C - a scroll of fog
 G - 4 scrolls of noise
 H - a scroll of acquirement {unknown}
 K - 7 scrolls of identify
Potions
 a - 5 potions of agility {unknown}
 e - 4 potions of curing
 g - 6 potions of flight
 n - a potion of cancellation {unknown}
 u - a potion of brilliance
 v - 7 potions of lignification
 w - 3 potions of resistance
 z - 5 potions of ambrosia
 B - 2 potions of magic
 D - 2 potions of mutation
 I - 3 potions of haste {unknown}
Comestibles
 c - 41 rations {!d}
 k - 4 chunks of flesh


   Skills:
 + Level 12.6 Fighting
 - Level 9.1 Throwing
 - Level 2.4 Dodging
 - Level 1.1 Stealth
 - Level 9.3 Shields
 + Level 12.0 Unarmed Combat
 * Level 10.2 Invocations


You had 13 spell levels left.
You didn't know any spells.
Your spell library contained the following spells:

 Spells                   Type           Power        Failure   Level  Hunger
 Apportation              Tloc           #.....       34%         1    ##.....
 Corona                   Hex            #......      34%         1    ##.....
 Freeze                   Ice            #.....       34%         1    ##.....
 Infusion                 Chrm           #.......     34%         1    ##.....
 Sandblast                Erth           #.....       34%         1    ##.....
 Shock                    Conj/Air       #....        34%         1    ##.....
 Slow                     Hex            #.......     34%         1    ##.....
 Summon Butterflies       Summ           #.......     34%         1    ##.....
 Summon Small Mammal      Summ           #...         34%         1    ##.....
 Shackle                  Hex            #.......     47%         2    ###....
 Swiftness                Chrm/Air       #.......     47%         2    ###....
 Throw Frost              Conj/Ice       #.....       47%         2    ###....
 False Image              Hex/Summ       #.......     71%         3    ####...
 Inner Flame              Hex/Fire       N/A          71%         3    ####...
 Leda's Liquefaction      Hex/Erth       #.........   71%         3    ####...
 Ozocubu's Armour         Chrm/Ice       #.......     71%         3    ####...
 Static Discharge         Air            #.......     71%         3    ####...
 Airstrike                Air            #.........   98%         4    #####..
 Cause Fear               Hex            #.........   98%         4    #####..
 Summon Ice Beast         Ice/Summ       #.......     98%         4    #####..
 Throw Icicle             Conj/Ice       #.......     98%         4    #####..
 Yara's Violent Unravell  Hex/Tmut       #.........   98%         4    #####..
 Lightning Bolt           Conj/Air       #.........   100%        5    ######.
 Summon Lightning Spire   Summ/Air       #.......     100%        5    ######.
 Icicle Burst             Conj/Ice       #.........   100%        7    #######
 Chain Lightning          Conj/Air       #.........   100%        8    #######
 Discord                  Hex            #.........   100%        8    #######
 Glaciate                 Conj/Ice/Air   #.........   100%        8    #######
 Lehudib's Crystal Spear  Conj/Erth      #.........   100%        8    #######
 Fire Storm               Conj/Fire      #.........   100%        9    #######


Dungeon Overview and Level Annotations

Branches:
Dungeon (11/12)            Temple (0/1) D:6            Lair (6/6) D:9
  Swamp (0/3) Lair:2       Spider (0/3) Lair:2        Slime (0/5) Lair:6
    Orc (1/1) D:11            Elf (0/3) Orc
 Vaults: D:11-12

Altars:
Dithmenos
Elyvilon
Fedhas
Gozag
Hepliaklqana
Makhleb
Qazlal
Sif Muna
Xom
Beogh
Jiyva

Shops:
D:7 [   D:8 (   D:10 [   Orc %(=

Annotations:
D:6 2 transporters, KrisU's ghost, novice VSRg Orc Saint Roka


Innate Abilities, Weirdness & Mutations

You cannot wear most types of armour.
Your thick skin is tough. (AC +10)
You are too large for most types of armour.
You have claws for hands.
Your metabolism is lightning-fast.
You like to eat raw meat.
You heal very quickly.


Message History

* * * LOW HITPOINT WARNING * * *
The naga mage constricts you.
You barely miss the naga mage.
The naga mage is moderately wounded.
The naga mage hits you with a +0 spear!
* * * LOW HITPOINT WARNING * * *
The naga mage constricts you. You block the earth elemental's attack.
You feel better.
The earth elemental disappears in a puff of smoke!
You block the naga mage's attack.
* * * LOW HITPOINT WARNING * * *
The naga mage constricts you. You block the naga mage's attack.
* * * LOW HITPOINT WARNING * * *
The naga mage constricts you.
You scratch the naga mage but do no damage.
The naga mage is moderately wounded.
The naga mage hits you with a +0 spear!
* * * LOW HITPOINT WARNING * * *
You emit a cloud of dark smoke.
You die...

.[...# #....##....# #§§§§ .....#
#.##.##.##.# #######§§# .....#
#....##.)..# #≈≈≈≈≈≈§§≈ .....#
######'##)######≈##...§§#
....§####..............#≈#...⌠...
....⌠#..#..####..####..#≈..⌠...⌠.
.....').#.....§§.....§§#≈........
....§#..'..####§§####..'N.⌠(._..⌠
##...+..#....§§§@N§....#≈......).
##.⌠#.)#..####§§####..#≈..⌠...⌠.
#..####.....§..§..§§.#≈#...⌠...
#### ######+##+######≈##.....#
#≈≈≈≈≈≈≈≈≈ ##########


You could see a naga mage.

Vanquished Creatures
  Gastronok (Lair:3)
  2 deep elf sorcerers (D:11)
  A dire elephant (Lair:6)
  Snorg (Lair:4)
  5 hydras
  Fannar (Lair:3)
  2 catoblepae
  Harold (Lair:2)
  An alligator (Lair:6)
  A two-headed ogre (D:11)
  5 death yaks (Lair:6)
  A deep troll shaman (Lair:6)
  An orc high priest (Orc)
  Nergalle (Lair:2)
  An unseen horror (D:11)
  A wizard (D:10)
  2 cyclopes
  2 orc knights (D:11)
  A wolf spider zombie (D:11)
  6 deep elf magi (D:11)
  2 orc sorcerers (Orc)
  13 elephants
  2 ugly things
  A spectral centaur (D:11)
  2 black mambas
  A naga mage (D:11)
  8 cane toads
  6 komodo dragons
  7 rime drakes
  A tengu conjurer (D:11)
  2 polar bears (D:9)
  7 trolls
  A harpy skeleton (D:11)
  3 jumping spiders (Lair:2)
  9 blink frogs
  7 hippogriffs
  A redback (Lair:2)
  44 yaks
  2 wraiths (D:10)
  A steam dragon (Lair:2)
  3 basilisks
  A hungry ghost (D:5)
  3 vampire mosquitoes
  Menkaure (D:7)
  4 wargs
  2 acid dragons
  9 crocodiles
  30 water moccasins
  26 orc warriors
  6 porcupines
  3 black bears
  4 ice beasts
  A necrophage (D:10)
  3 sky beasts
  10 ogres
  A phantom (D:2)
  4 centaurs
  15 wolves
  12 bullfrogs
  2 big kobolds (D:9)
  8 scorpions
  5 wights (D:8)
  2 electric eels
  3 centaur zombies
  A howler monkey (D:6)
  2 bullfrog zombies
  2 bullfrog skeletons
  4 crimson imps
  4 hounds
  Crazy Yiuf (D:2)
  3 jellies
  13 orc priests
  21 orc wizards
  6 centaur skeletons
  Ijyb (D:5)
  5 iguanas
  5 worker ants
  2 hound zombies
  A hound skeleton (D:7)
  A worker ant zombie (D:5)
  25 adders
  2 river rats (D:3)
  2 shadow imps
  An ooze (D:7)
  An adder skeleton (D:5)
  An adder zombie (D:5)
  2 worms
  A dart slug (D:4)
  5 leopard geckos
  88 orcs
  4 bats (D:1)
  5 giant cockroaches
  4 goblins
  11 hobgoblins
  10 jackals
  4 quokkas
  3 ball pythons (Sewer)
  7 frilled lizards
  A jackal skeleton (D:7)
  17 kobolds
  6 rats
  A fungus (D:2)
  3 plants (Sewer)
591 creatures vanquished.

Vanquished Creatures (others)
  A centaur (D:11)
  An orc priest (D:5)
  An orc wizard (D:5)
  A fungus (Lair:2)
  6 plants
10 creatures vanquished.

Grand Total: 601 creatures vanquished

Notes
Turn   | Place    | Note
-------+----------+-------------------------------------------
     0 | D:1      | Mrkan the Troll Monk began the quest for the Orb.
     0 | D:1      | Reached XP level 1. HP: 22/22 MP: 1/1
    70 | D:1      | Reached XP level 2. HP: 23/29 MP: 0/2
   437 | D:1      | Reached XP level 3. HP: 35/36 MP: 1/3
   974 | D:2      | Noticed a phantom
   982 | D:2      | Killed a phantom
   982 | D:2      | Gained mutation: Your natural rate of healing is unusually
                  | fast. [Troll growth]
   982 | D:2      | Reached XP level 4. HP: 44/45 MP: 4/4
  1236 | D:2      | Reached skill level 5 in Unarmed Combat
  1723 | D:2      | Found a runed door.
  1727 | D:2      | Noticed Crazy Yiuf
  1730 | D:2      | Paralysed by Crazy Yiuf for 3 turns
  1734 | D:2      | Killed Crazy Yiuf
  1734 | D:2      | Reached XP level 5. HP: 36/53 MP: 2/5
  1893 | D:3      | Found a glowing drain.
  1907 | Sewer    | Entered a sewer
  2898 | D:3      | Reached XP level 6. HP: 62/62 MP: 6/6
  3156 | D:4      | Found an opulent altar of Gozag.
  3421 | D:4      | Reached XP level 7. HP: 59/70 MP: 5/7
  3424 | D:4      | Found a shadowy altar of Dithmenos.
  3429 | D:4      | Became a worshipper of Dithmenos the Shadowed
  3429 | D:4      | Reached * piety under Dithmenos
  3429 | D:4      | Reached ** piety under Dithmenos
  3960 | D:5      | Entered Level 5 of the Dungeon
  3999 | D:5      | Noticed a hungry ghost
  4017 | D:5      | Killed a hungry ghost
  4165 | D:5      | Reached skill level 5 in Fighting
  4188 | D:5      | Reached XP level 8. HP: 80/80 MP: 8/8
  4229 | D:5      | Noticed Ijyb
  4264 | D:5      | Killed Ijyb
  4955 | D:6      | Reached skill level 1 in Throwing
  4992 | D:6      | Noticed a cyclops
  4997 | D:6      | Killed a cyclops
  5003 | D:6      | Reached XP level 9. HP: 49/89 MP: 5/9
  5214 | D:6      | Found a staircase to the Ecumenical Temple.
  5242 | D:6      | Found a transporter.
  5242 | D:6      | Noticed KrisU's ghost (novice VSRg)
  5274 | D:6      | Found a transporter.
  5314 | D:6      | Found a white marble altar of Elyvilon.
  5314 | D:6      | Found a hazy altar of Hepliaklqana.
  5315 | D:6      | Found a blossoming altar of Fedhas.
  5530 | D:6      | Reached skill level 5 in Throwing
  5679 | D:7      | Reached *** piety under Dithmenos
  5681 | D:7      | Noticed Menkaure
  5707 | D:7      | HP: 2/92 [Menkaure (4)]
  5711 | D:7      | Killed Menkaure
  6196 | D:7      | Found Hazy's Antique Armour Shoppe.
  6504 | D:8      | Reached XP level 10. HP: 102/102 MP: 10/10
  6560 | D:8      | Found a stormy altar of Qazlal.
  6572 | D:8      | Found Peedaf's Weapon Emporium.
  6615 | D:8      | Got an ebony quarterstaff
  6714 | D:8      | Found a shimmering altar of Xom.
  6714 | D:8      | Found a burning altar of Makhleb.
  7126 | D:9      | Found a staircase to the Lair.
  7139 | D:9      | Reached **** piety under Dithmenos
  7748 | D:9      | Reached skill level 1 in Shields
  8178 | Lair:1   | Entered Level 1 of the Lair of Beasts
  8178 | Lair:1   | Noticed a cane toad
  8187 | Lair:1   | Noticed a cane toad
  8190 | Lair:1   | Killed a cane toad
  8342 | D:9      | Killed a cane toad
  8342 | D:9      | Reached XP level 11. HP: 60/113 MP: 8/11
  8950 | Lair:1   | Reached ***** piety under Dithmenos
  9007 | Lair:1   | Noticed a six-headed hydra
  9233 | D:9      | Killed a six-headed hydra
  9233 | D:9      | Reached skill level 5 in Shields
  9979 | Lair:2   | Found a staircase to the Swamp.
 10120 | Lair:2   | Noticed Harold
 10133 | Lair:2   | Killed Harold
 10133 | Lair:2   | Gained mutation: You heal very quickly. [Troll growth]
 10133 | Lair:2   | Reached XP level 12. HP: 49/126 MP: 5/12
 10233 | Lair:2   | Noticed Nergalle
 10237 | Lair:2   | Killed Nergalle
 10237 | Lair:2   | Reached skill level 10 in Fighting
 10709 | Lair:2   | Found a hole to the Spider Nest.
 11496 | Lair:3   | Noticed an eight-headed hydra
 11623 | Lair:3   | Killed an eight-headed hydra
 11623 | Lair:3   | Noticed Fannar
 12098 | Lair:3   | Killed Fannar
 12237 | Lair:3   | Noticed Gastronok
 12252 | Lair:3   | Killed Gastronok
 12252 | Lair:3   | Reached XP level 13. HP: 25/137 MP: 2/13
 12548 | Lair:4   | Noticed Snorg
 12565 | Lair:4   | Killed Snorg
 13089 | Lair:4   | Reached ****** piety under Dithmenos
 13089 | Lair:4   | Reached skill level 10 in Unarmed Combat
 14683 | Lair:6   | Entered Level 6 of the Lair of Beasts
 14765 | Lair:6   | Reached skill level 5 in Invocations
 15377 | Lair:6   | Reached XP level 14. HP: 17/149 MP: 16/18
 15511 | Lair:6   | Found a viscous altar of Jiyva.
 15511 | Lair:6   | Found a staircase to the Slime Pits.
 16216 | D:10     | Entered Level 10 of the Dungeon
 16481 | D:10     | Found Tonkuzia's Antique Armour Emporium.
 16596 | D:10     | Bought an embroidered cloak for 202 gold pieces
 16666 | D:10     | Got a pitted spear
 17249 | D:11     | Found a roughly hewn altar of Beogh.
 17254 | D:11     | Found a staircase to the Orcish Mines.
 17298 | Orc      | Entered the Orcish Mines
 17508 | Orc      | Found a staircase to the Elven Halls.
 17569 | Orc      | Found a roughly hewn altar of Beogh.
 17573 | Orc      | Found Xoocyunauxt's Jewellery Emporium.
 17746 | Orc      | Bought a +3 amulet of reflection for 235 gold pieces
 17756 | Orc      | Found a gate leading to a gauntlet.
 17834 | Orc      | Found Noaleov's Food Shop.
 18029 | Orc      | Found a roughly hewn altar of Beogh.
 18129 | Orc      | Found a roughly hewn altar of Beogh.
 18130 | Orc      | Found Uckonnut's Weapon Shoppe.
 18202 | Orc      | Found a roughly hewn altar of Beogh.
 18283 | Orc      | Found a roughly hewn altar of Beogh.
 18423 | Orc      | Noticed Saint Roka
 19163 | D:11     | Identified the Catalogue of the Blind Marksman
 19190 | D:11     | Noticed a deep elf sorcerer
 19196 | D:11     | Found a shimmering blue altar of Sif Muna.
 19213 | D:11     | Killed a deep elf sorcerer
 19213 | D:11     | Reached skill level 10 in Invocations
 19248 | D:11     | Noticed a deep elf sorcerer
 19274 | D:11     | Noticed a deep elf sorcerer
 19292 | D:11     | Killed a deep elf sorcerer
 19299 | D:11     | HP: 7/150 [naga mage/+0 spear (10)]
 19301 | D:11     | HP: 2/150 [naga mage/+0 spear (9)]
 19301 | D:11     | Slain by a naga mage

Skill      XL: |  1  2  3  4  5  6  7  8  9 10 11 12 13 14 |
---------------+-------------------------------------------+-----
Unarmed Combat | 4 5 6 8 9 10 12 | 12.0
Fighting       | 3 4 5 6 7 8 9 11 12 | 12.6
Throwing       | 3 7 9 |  9.1
Shields        | 3 6 9 |  9.3
Invocations    | 6 10 | 10.2
Dodging        | |  2.4
Stealth        | |  1.1

Action                   |  1- 3 |  4- 6 |  7- 9 | 10-12 | 13-15 || total
-------------------------+-------+-------+-------+-------+-------++-------
Melee: Unarmed           |    84 |   194 |   308 |   742 |  1068 ||  2396
       Punch             |     1 |     9 |    12 |     5 |       ||    27
Throw: Large rock        |       |       |       |    45 |    17 ||    62
  Use: Scroll            |       |       |    16 |     2 |     3 ||    21
       Potion            |       |       |     1 |     2 |     5 ||     8
 Stab: Sleeping          |     1 |     2 |     3 |     2 |     6 ||    14
       Petrified         |       |       |       |       |     8 ||     8
       Petrifying        |       |       |       |       |     1 ||     1
  Eat: Chunk             |    11 |    17 |    21 |    39 |    45 ||   133
Armor: Skin              |    27 |    68 |   111 |   348 |   400 ||   954
Dodge: Dodged            |    42 |    93 |   181 |   459 |   588 ||  1363
Block: Shield            |       |       |       |   405 |   801 ||  1206
       Reflection        |       |       |       |       |    14 ||    14
